 Dungeon Crawl Stone Soup version 0.30.1-4-g462c640d31 (webtiles) character file.

Game seed: 851783872345629040

21 tizbic2 the Ruffian (level 2, -1/26 HPs)
             Began as a Ghoul Monk on Sept 14, 2023.
             Slain by a goblin
             ... wielding a +0 club
             ... led by Robin
              (5 damage)
             ... on level 2 of the Dungeon.
             The game lasted 00:03:17 (670 turns).

tizbic2 the Ruffian (Ghoul Monk)                     Turns: 670, Time: 00:03:18

Health: -1/26      AC:  2    Str: 14    XL:     2   Next: 87%
Magic:  1/1        EV: 12    Int:  5    God:
Gold:   57         SH:  0    Dex: 11    Spells: 1/1 levels left

rFire   . .          .
                       - Unarmed
rCold   + . .        c - orb {light}
rNeg    + + +        a - +0 robe
rPois   ∞            (no helmet)
rElec   .            (no cloak)
rCorr   .            (no gloves)
SInv    .            (no boots)
Will    .....        (no amulet)
Stlth   +            (no ring)
HPRegen 0.00/turn    (no ring)
MPRegen 0.07/turn

%: no passive effects
@: inhibited regen, glowing
A: claws 1, cold resistance 1, negative energy resistance 3, inhibited
regeneration, torment resistance 2, devour on kill
a: no special abilities


You were on level 2 of the Dungeon.
You visited 1 branch of the dungeon, and saw 2 of its levels.

You collected 57 gold pieces.

Inventory:

Hand Weapons
 j - a +0 rapier
Missiles
 d - 2 poisoned darts (quivered)
 e - 6 javelins
 h - 20 stones
Armour
 a - a +0 robe (worn)
 c - an orb of light (worn)
Scrolls
 i - 2 scrolls of identify
Potions
 b - a potion of ambrosia
 f - a potion of heal wounds
 g - a potion of brilliance


   Skills:
 + Level 3.6 Fighting
 + Level 0.6 Armour
 - Level 2.7 Dodging
 * Level 3.8 Unarmed Combat
 + Level 0.4 Poison Magic


You had one spell level left.
You didn't know any spells.
Your spell library contained the following spells:

 Spells                   Type           Power      Damage    Failure   Level
 Sting                    Tmut/Pois      0%         1d3       45%         1
 Freeze                   Ice            0%         1d3       47%         1
 Sandblast                Erth           0%         2d4       47%         1
 Poisonous Vapours        Pois/Air       0%         N/A       58%         2
 Passwall                 Tmut/Erth      0%         N/A       63%         2
 Frozen Ramparts          Ice            0%         1d1       85%         3
 Hailstorm                Conj/Ice       0%         3d3       85%         3
 Stone Arrow              Conj/Erth      0%         3d7       85%         3
 Olgreb's Toxic Radiance  Pois           0%         N/A       99%         4


Dungeon Overview and Level Annotations

Branches:
Dungeon (2/15)

Altars:

Annotations:
D:2 Robin


Innate Abilities, Weirdness & Mutations

You are immune to poison.
You have sharp fingernails.
Your flesh is cold resistant. (rC+)
You are immune to negative energy. (rN+++)
You do not regenerate when monsters are visible.
You are immune to unholy pain and torment.
You thrive by killing the living.


Message History

Robin roars a battlecry!
The goblins go into a battle-frenzy!
A hobgoblin comes into view.
You hear a shout!
You scratch the hobgoblin.
The hobgoblin is severely wounded.
The hobgoblin hits you.
You scratch the hobgoblin but do no damage.
The hobgoblin is severely wounded.
The hobgoblin hits you. Robin throws the goblin at you!
You scratch the hobgoblin.
You kill the hobgoblin!
The goblin hits you with a +0 club.
A hobgoblin comes into view.
You barely miss the goblin. The goblin barely misses you.
The goblin hits you with a +0 dagger.
You claw the goblin!
You kill the goblin!
The goblin attacks as you move away! The goblin hits you with a +0 club.
* * * LOW HITPOINT WARNING * * *
A goblin comes into view. It is wielding a +0 club.
The goblin shouts!
Robin closely misses you.
Things that are here:
a +0 dagger; a goblin corpse You scratch Robin.
Robin is moderately wounded.
The goblin barely misses you.
A goblin comes into view. It is wielding a +0 dagger.
Robin misses you.
You scratch Robin.
Robin is moderately wounded.
The goblin closely misses you. Robin barely misses you.
You scratch Robin but do no damage.
Robin is moderately wounded.
The goblin completely misses you. Robin misses you.
You barely miss Robin.
Robin is moderately wounded.
The goblin hits you with a +0 club.
You die...

###### #....#
#....###############
#..........g@ggggg..
#....###############
#....# ###.#######
#........#
#........#
#........#
#.###.##.. #.# ..# .


You could see Robin, 2 hobgoblins and 3 goblins.

Vanquished Creatures
  2 endoplasms
  A giant cockroach (D:2)
  2 hobgoblins (D:2)
  A quokka (D:1)
  5 ball pythons (D:1)
  A bat (D:1)
  A frilled lizard (D:1)
  2 goblins
  4 kobolds
  A rat (D:1)
20 creatures vanquished.

Notes
Turn   | Place    | Note
-------+----------+-------------------------------------------
     0 | D:1      | tizbic2 the Ghoul Monk began the quest for the Orb.
     0 | D:1      | Reached XP level 1. HP: 19/19 MP: 0/0
   219 | D:1      | Reached XP level 2. HP: 23/26 MP: 1/1
   658 | D:2      | Noticed Robin
   670 | D:2      | Slain by a goblin

Illustrated notes

Levels and vault maps discovered:
D:1:      onia_arrival_handbag, layout_basic, hex_medium
D:2:      layout_rooms, serial_shops, shop, uniq_terence, uniq_robin

Action                     || total
---------------------------++-------
  Melee: Unarmed           ||    49
    Use: Scroll            ||     3
 Armour: Robe              ||     8
  Dodge: Dodged            ||    37
